 Dungeon Crawl Stone Soup version 0.24-b1-30-g840c9efd86 (webtiles) character file.

Game seed: 15061713540019226248, levelgen mode: classic

4 EnegeticOcto the Shield-Bearer (level 1, 20/20 HPs)
             Began as a Deep Dwarf Fighter on Oct 25, 2019.
             Quit the game on level 1 of the Dungeon.
             The game lasted 00:00:48 (134 turns).

EnegeticOcto the Shield-Bearer (Deep Dwarf Fighter)  Turns: 134, Time: 00:00:48

Health: 20/20      AC:  6    Str: 19    XL:     1   Next: 50%
Magic:  1/1        EV:  7    Int:  8    God:
Gold:   0          SH:  9    Dex: 12    Spells: 0/0 levels left

rFire    . . .     SeeInvis .   a - +0 war axe
rCold    . . .     Gourm    .   c - +0 shield
rNeg     . . .     Faith    .   b - +0 scale mail
rPois    .         Spirit   .   (no helmet)
rElec    .         Reflect  .   (no cloak)
rCorr    .         Harm     .   (no gloves)
MR       .....                  (no boots)
Stlth    ..........             (no amulet)
HPRegen  0.00/turn              (no ring)
MPRegen  0.07/turn              (no ring)

@: non-regenerating
A: damage resistance, heal wounds, sense surroundings 1, no regeneration
a: Heal Wounds


You were on level 1 of the Dungeon.
You were not hungry.

You visited 1 branch of the dungeon, and saw 1 of its levels.

Inventory:

Hand Weapons
 a - a +0 war axe (weapon)
Armour
 b - a +0 scale mail (worn)
 c - a +0 shield (worn)
Jewellery
 f - an uncursed ring of protection from fire {unknown}
 g - an uncursed ring of poison resistance {unknown}
Scrolls
 i - a scroll of remove curse {unknown}
 j - a scroll of magic mapping {unknown}
 k - a scroll of blinking {unknown}
 l - a scroll of teleportation {unknown}
Potions
 d - a potion of might {@q3 !q}
 h - a potion of heal wounds {unknown}
Comestibles
 e - a ration


   Skills:
 + Level 2.7 Fighting
 + Level 2.3 Axes
 + Level 3.3 Armour
 + Level 3.3 Shields


You couldn't memorise any spells.
You didn't know any spells.
Your spell library was empty.

Dungeon Overview and Level Annotations

Branches:
Dungeon (1/15)

Altars:


Innate Abilities, Weirdness & Mutations

You are resistant to damage.
You can heal yourself by infusing magical energy.
You passively map a small area around you.
You do not regenerate.


Message History

e - a ration Welcome, EnegeticOcto the Deep Dwarf Fighter.
Will you prevail where others failed? Will you find the Orb of Zot?
Press ? for a list of commands and other information.
Found a river rat skeleton.
Found a staircase leading out of the dungeon. (m)acro, (M)acro raw, keymap [(k) default, (x) level-map, (t)argeting, (c)onfirm, m(e)nu], (s)ave?
Input macro trigger key: \{-1011} Input macro action: G> Created macro '\{-1011}' => 'G>'. (m)acro, (M)acro raw, keymap [(k) default, (x) level-map, (t)argeting, (c)onfirm, m(e)nu], (s)ave?
Input macro trigger key: 1 Input macro action: za.
Created macro '1' => 'za.'. (m)acro, (M)acro raw, keymap [(k) default, (x) level-map, (t)argeting, (c)onfirm, m(e)nu], (s)ave?
Input macro trigger key: 2 Input macro action: zb Created macro '2' => 'zb'. (m)acro, (M)acro raw, keymap [(k) default, (x) level-map, (t)argeting, (c)onfirm, m(e)nu], (s)ave?
Input macro trigger key: 3 Input macro action: zc Created macro '3' => 'zc'. (m)acro, (M)acro raw, keymap [(k) default, (x) level-map, (t)argeting, (c)onfirm, m(e)nu], (s)ave?
Input macro trigger key: \{-1013} Input macro action: zT Created macro '\{-1013}' => 'zT'. (m)acro, (M)acro raw, keymap [(k) default, (x) level-map, (t)argeting, (c)onfirm, m(e)nu], (s)ave?
Input macro trigger key: \{-1012} Input macro action: zM Created macro '\{-1012}' => 'zM'. (m)acro, (M)acro raw, keymap [(k) default, (x) level-map, (t)argeting, (c)onfirm, m(e)nu], (s)ave?
Input macro trigger key: * Input macro action: o Created macro '*' => 'o'. (m)acro, (M)acro raw, keymap [(k) default, (x) level-map, (t)argeting, (c)onfirm, m(e)nu], (s)ave?
Input macro trigger key: + Input macro action: f.
Created macro '+' => 'f.'.
Save game and exit?
Okay, then.
Found an inedible chunk of flesh and two river rat skeletons.
You open the door.
There is an open door here.
Found 14 stones.
f - a cabochon ring A goblin comes into view.
The goblin shouts!
A goblin is nearby!
A goblin is nearby!
The goblin hits you but does no damage.
Found a club.
You completely miss the goblin. The goblin hits you but does no damage.
You completely miss the goblin. You block the goblin's attack.
Your shield and scale mail prevent you from hitting the goblin.
The goblin hits you but does no damage. The goblin barely misses you.
You slash the goblin!
You kill the goblin!
No target in view!
g - a blackened silver ring A kobold comes into view.
It is wielding a +0 dagger.
The kobold shouts!
A kobold is nearby!
You block the kobold's attack.
You slash the kobold!
You kill the kobold!
No target in view!
No target in view!
No target in view!
You see here a +0 dagger.
Found a stone staircase leading down.
A rat comes into view.
A rat is nearby!
A rat comes into view.
Found a black potion and 21 stones.
The rat bites you but does no damage.
Found an escape hatch in the floor.
You slash the rat!
You kill the rat!
Found a scroll labeled ICRAMA GAT YTA.
You slash the rat!
You kill the rat!
No target in view!
There is a stone staircase leading down here.
h - a black potion
There is a stone staircase leading down here.
Found a stone staircase leading down.
No target in view!
Found a stone staircase leading down.
i - a scroll labeled ICRAMA GAT YTA No target in view!
No target in view!
No target in view!
No target in view!
No target in view!
No target in view!
j - a scroll labeled CETHRA VUDO
There is a stone staircase leading down here.
k - a scroll labeled ACVOW HYLYADORHO
l - a scroll labeled NOECSU XYOKU Are you sure you want to abandon this character and quit the game? (Confirm with "yes".)

# #.>.....#
#.#.......#
#.#
#.#.......####
#.# *
#.(..........#
#.# *
###......>##.#
#.#
#.......##.#
#.# *
#.......##.#
#.# *
####>#####.#
#.#
#.#####.###@#
#...........#
#######.#####
* #...# ** ,
#..... *
#...### ,,
##### * ,,


There were no monsters in sight!

Vanquished Creatures
  A goblin (D:1)
  A kobold (D:1)
  2 rats (D:1)
4 creatures vanquished.

Notes
Turn   | Place    | Note
-------+----------+-------------------------------------------
     0 | D:1      | EnegeticOcto the Deep Dwarf Fighter began the quest for the
                  | Orb.
     0 | D:1      | Reached XP level 1. HP: 20/20 MP: 1/1
   134 | D:1      | Quit the game

Action                   || total
-------------------------++-------
Melee: War axe           ||     7
Armor: Scale mail        ||     4
Dodge: Dodged            ||     1
Block: Shield            ||     2
